 Dungeon Crawl Stone Soup version 0.29.1 (webtiles) character file.

Game seed: 10842680227863552738

83 lmSkywalker the Chopper (level 4, -1/37 HPs)
             Began as a Palentonga Fighter on Sept 13, 2022.
             Slain by Grinder (4 damage)
             ... on level 3 of the Dungeon.
             The game lasted 00:08:18 (1808 turns).

lmSkywalker the Chopper (Palentonga Fighter)        Turns: 1808, Time: 00:08:19

Health: -1/37      AC:  6    Str: 21    XL:     4   Next: 22%
Magic:  4/4        EV:  7    Int: 10    God:
Gold:   123        SH:  4    Dex: 10    Spells: 3/3 levels left

rFire   . . .      SeeInvis +   a - +0 war axe
rCold   . . .      Faith    .   c - +0 buckler
rNeg    . . .      Spirit   .   b - +0 scale mail
rPois   .          Reflect  .   (no helmet)
rElec   .          Harm     .   (no cloak)
rCorr   .          Rampage  .   (no gloves)
Will    .....                   (no barding)
Stlth   ..........              (no amulet)
HPRegen 0.12/turn               (no ring)
MPRegen 0.09/turn               (no ring)

@: mighty
A: large, rugged brown scales 3, see invisible, deformed body, roll 1, armoured
tail
a: Rolling Charge


You were on level 3 of the Dungeon.
You visited 1 branch of the dungeon, and saw 3 of its levels.

You collected 123 gold pieces.

Inventory:

Hand Weapons
 a - a +0 war axe (weapon)
Missiles
 i - 10 poisoned darts
 j - 2 curare-tipped darts
Armour
 b - a +0 scale mail (worn)
 c - a +0 buckler (worn)
Jewellery
 p - a ring of flight
Scrolls
 e - a scroll of brand weapon {unknown}
 g - 3 scrolls of identify {unknown}
 h - a scroll of enchant armour {unknown}
 n - a scroll of immolation {unknown}
 q - a scroll of teleportation {unknown}
Potions
 f - 3 potions of curing {unknown}
 k - a potion of resistance {unknown}
 l - a potion of degeneration {unknown}
 m - a potion of mutation {unknown}
 o - a potion of flight {unknown}


   Skills:
 - Level 3.0 Fighting
 + Level 4.5 Axes
 - Level 2.4 Armour
 - Level 2.6 Shields


You had 3 spell levels left.
You didn't know any spells.
Your spell library contained the following spells:

 Spells                   Type           Power      Damage    Failure   Level
 Shock                    Conj/Air       0%         1d3       78%         1
 Blink                    Tloc           0%         N/A       89%         2
 Inner Flame              Hex/Fire       0%         N/A       98%         3
 Lesser Beckoning         Tloc           0%         N/A       98%         3
 Swiftness                Air            0%         N/A       98%         3
 Airstrike                Air            0%         2d(0-16)  100%        4
 Cause Fear               Hex            0%         N/A       100%        4
 Summon Lightning Spire   Summ/Air       0%         N/A       100%        4
 Manifold Assault         Tloc           0%         N/A       100%        5
 Haunt                    Necr/Summ      0%         N/A       100%        7
 Discord                  Hex            0%         N/A       100%        8
 Dragon's Call            Summ           0%         N/A       100%        9


Dungeon Overview and Level Annotations

Branches:
Dungeon (3/15)

Altars:

Annotations:
D:3 Grinder


Innate Abilities, Weirdness & Mutations

You are completely covered in rugged brown scales. (AC +3, +7% HP)
You have supernaturally acute eyesight. (SInv)
Armour fits poorly on your strangely shaped body.
You can roll at nearby foes to attack.
You have a long armoured tail.


Message History

Found a stone staircase leading down.
The bat hits you but does no damage. There's nothing you can charge at!
You miss the bat.
Your tail-slap misses the bat.
The bat hits you but does no damage. The bat hits you but does no damage.
Found a glowing dagger.
The bat hits you but does no damage. There's nothing you can charge at!
You closely miss the bat. The bat hits you but does no damage.
Roll where?
Press: ? - help, Q - select action, (/) - cycle Dir - move target, f - bat
Aim: a bat You roll forward with a clatter of scales!
You closely miss the bat. The bat closely misses you.
The bat hits you but does no damage.
You barely miss the bat. You tail-slap the bat.
You kill the bat!
Found a black potion.
Grinder comes into view.
Found a silvery potion.
Found a stone staircase leading down.
Grinder shouts!
A bat comes into view.
Grinder hits you!
You writhe in agony.
The bat moves out of view.
You feel very mighty all of a sudden. Grinder hits you!
You writhe in agony.
You are too injured to fight recklessly!
You hit Grinder.
Grinder is lightly wounded.
Grinder hits you.
You slice Grinder!!
Grinder is severely wounded.
Grinder gestures at you. Pain shoots through your body!
* * * LOW HITPOINT WARNING * * *
Grinder gestures at you. You resist with significant effort.
You hit Grinder.
Grinder is severely wounded.
Grinder hits you.
You die...

#. ####.####
........### #>..†..#
#......####
##.#........#
#.##.....##.#
#5#.....##.#
#.@.######.####
..>................#
....b......####.##.##
#.####)..#.#
#.#...#### # #...#.#
#......... #...#.#
###...#### #...#.#
##.## ...!#.# #.# #.#
#.#


You could see Grinder and a bat.

Vanquished Creatures
  3 adders (D:2)
  2 dart slugs (D:1)
  An orc (D:3)
  6 ball pythons
  4 endoplasms
  3 giant cockroaches
  5 goblins
  5 hobgoblins
  4 jackals (D:1)
  A quokka (D:1)
  2 bats
  3 frilled lizards
  8 kobolds
  3 rats
50 creatures vanquished.

Notes
Turn   | Place    | Note
-------+----------+-------------------------------------------
     0 | D:1      | lmSkywalker the Palentonga Fighter began the quest for the
                  | Orb.
     0 | D:1      | Reached XP level 1. HP: 19/19 MP: 1/1
   142 | D:1      | Reached XP level 2. HP: 18/25 MP: 2/2
   166 | D:1      | Reached skill level 3 in Axes
   632 | D:1      | Reached XP level 3. HP: 31/31 MP: 3/3
  1017 | D:2      | Reached skill level 4 in Axes
  1064 | D:2      | Found a faded altar of an unknown god.
  1238 | D:2      | Reached XP level 4. HP: 20/37 MP: 4/4
  1596 | D:3      | Got Sif Muna's Catalogue of Leadership
  1804 | D:3      | Noticed Grinder
  1808 | D:3      | Slain by Grinder

Illustrated notes

Levels and vault maps discovered:
D:1:      nicolae_arrival_somewhat_less_tricky_arrival, layout_basic,
          minmay_misc_feat_four_crosses
D:2:      layout_rooms, hellmonk_ecumenical_altar_heavens_door
D:3:      layout_loops_ring, gammafunk_temple_overflow_elements, uniq_jessica,
          uniq_grinder

Skill      XL: |  1  2  3 |
---------------+----------+-----
Axes           | 3 4 |  4.5
Fighting       | |  3.0
Armour         | |  2.4
Shields        | |  2.6

Action                   |  1- 3 |  4- 6 || total
-------------------------+-------+-------++-------
Melee: War axe           |    95 |    22 ||   117
       Tailslap          |    15 |     4 ||    19
 Abil: Rolling Charge    |    26 |     5 ||    31
  Use: Potion            |       |     1 ||     1
Armor: Scale mail        |    42 |    12 ||    54
Dodge: Dodged            |    22 |     5 ||    27
Block: Buckler           |    18 |     1 ||    19
